 Dungeon Crawl Stone Soup version 0.27-a0-1147-gb3d8e82157 (webtiles) character file.

Game seed: 11418657348552418324

2372 st0uf the Changer (level 9, -8/74 HPs)
             Began as a Pale Draconian Transmuter on May 11, 2021.
             Was a High Priest of Elyvilon.
             Mangled by a gnoll sergeant
             ... wielding a +0 halberd
              (17 damage)
             ... in a bailey.
             The game lasted 00:23:15 (6999 turns).

st0uf the Changer (Pale Draconian Transmuter)       Turns: 6999, Time: 00:23:15

Health: -8/74      AC:  9    Str: 12    XL:     9   Next: 21%
Magic:  15/15      EV: 13    Int: 17    God:    Elyvilon [*****.]
Gold:   298        SH:  0    Dex: 12    Spells: 9/17 levels left

rFire    . . .     SeeInvis .     - Unarmed
rCold    . . .     Faith    +   (no shield)
rNeg     . . .     Spirit   .   (armour unavailable)
rPois    .         Reflect  .   (helmet restricted)
rElec    .         Harm     .   (no cloak)
rCorr    .         Rampage  .   t - +0 pair of gloves
Will     .....                  k - +0 pair of boots
Stlth    +++.......             p - amulet of faith
HPRegen  0.22/turn              (no ring)
MPRegen  0.14/turn              (no ring)

@: short of breath
A: breathe steam, AC +7, unfitting armour, cold-blooded, steam resistance
a: Breathe Steam, Renounce Religion, Lesser Healing, Heal Other, Purification,
Greater Healing, Divine Vigour, Divine Protection


You were in a bailey.
You worshipped Elyvilon.
Elyvilon was extremely pleased with you.
You visited 1 branch of the dungeon, and saw 7 of its levels.
You also visited: Bailey.

You collected 298 gold pieces.

Inventory:

Missiles
 n - 8 datura-tipped darts
 o - 16 poisoned darts
 r - a curare-tipped dart (quivered)
 C - 5 throwing nets
Armour
 k - a +0 pair of boots (worn)
 t - a +0 pair of gloves (worn)
Jewellery
 p - an amulet of faith (around neck)
 u - an amulet of magic regeneration
Wands
 i - a wand of iceblast (5)
Scrolls
 a - a scroll of noise {unknown}
 b - a scroll of magic mapping {unknown}
 c - 3 scrolls of vulnerability {unknown}
 e - a scroll of immolation {unknown}
 g - 3 scrolls of brand weapon {unknown}
 l - a scroll of teleportation {unknown}
 m - a scroll of amnesia {unknown}
 q - 3 scrolls of identify {unknown}
 x - a scroll of blinking {unknown}
 y - a scroll of enchant weapon {unknown}
 A - a scroll of silence {unknown}
Potions
 d - 2 potions of brilliance {unknown}
 f - 3 potions of mutation {unknown}
 h - 2 potions of ambrosia {unknown}
 j - 3 potions of curing {unknown}
 s - a potion of haste
 v - a potion of berserk rage {unknown}
 w - a potion of magic {unknown}
 z - a potion of flight {unknown}
 B - a potion of degeneration {unknown}


   Skills:
 + Level 5.1 Fighting
 + Level 4.4 Dodging
 + Level 4.3 Stealth
 + Level 5.4 Unarmed Combat
 + Level 4.5 Spellcasting
 * Level 6.8 Transmutations
 - Level 2.0 Poison Magic


You had 9 spell levels left.
You knew the following spells:

 Your Spells              Type           Power      Damage    Failure   Level
a - Beastly Appendage     Tmut           54%        N/A       1%          1
b - Wereblood             Tmut           27%        N/A       1%          2
c - Spider Form           Tmut/Pois      9%         N/A       8%          3
d - Passwall              Tmut/Erth      12%        N/A       5%          2

Your spell library contained the following spells:

 Spells                   Type           Power      Damage    Failure   Level
 Animate Skeleton         Necr           6%         N/A       16%         1
 Pain                     Necr           12%        1d4       16%         1
 Sandblast                Erth           6%         2d5       16%         1
 Hydra Form               Tmut           13%        N/A       26%         5
 Ice Form                 Ice/Tmut       15%        N/A       36%         4
 Petrify                  Tmut/Erth      15%        N/A       36%         4
 Stone Arrow              Conj/Erth      6%         3d7       41%         3
 Vampiric Draining        Necr           1%         2d6       41%         3
 Animate Dead             Necr           1%         N/A       83%         4
 Agony                    Necr           3%         N/A       99%         5
 Lee's Rapid Deconstruct  Erth           1%         3d5*      99%         5


Dungeon Overview and Level Annotations

Branches:
Dungeon (7/15)             Temple (0/1) D:4          Bailey (1/1)

Altars:
Elyvilon
Nemelex Xobeh
Vehumet
Zin

Shops:
D:4 *


Innate Abilities, Weirdness & Mutations

You can breathe blasts of scalding, opaque steam.
Your pale cyan-grey scales are hard. (AC +7)
You cannot fit into any form of body armour.
You are cold-blooded and may be slowed by cold attacks.
You are immune to the effects of steam.


Message History

You hit the gnoll sergeant but do no damage.
The gnoll sergeant is almost dead.
The gnoll sergeant hits you with a +0 halberd!
* * * LOW HITPOINT WARNING * * *
You hit the gnoll sergeant but do no damage.
The gnoll sergeant is almost dead.
The gnoll sergeant hits you with a +0 halberd!
* * * LOW HITPOINT WARNING * * *
You hit the gnoll sergeant.
You kill the gnoll sergeant!
You close the door.
You have got your breath back.
Things that are here:
a +0 trident; a +0 ring mail; a gnoll corpse
There is an open gate here.
You close the gate, pushing everything out of the way.
You see here a +0 chain mail.
C - 5 throwing nets (gained 1)
You see here a gnoll corpse.
You see here a +0 spear.
You see here a gnoll corpse.
You start resting.
Your transformation is almost over.
You start resting.
Your horns disappear.
Your talons disappear.
Your +0 pair of boots unmelds from your body.
You start resting.
A gnoll sergeant opens the gate.
It is wielding a +0 halberd.
Press: ? - help, Shift-Dir - straight line, f - gnoll sergeant
Aim: a gnoll sergeant, wielding a +0 halberd and wearing a +0 plate armour (wandering, hasn't noticed you)
You exhale a blast of scalding steam.
The ball of steam hits the gnoll sergeant but does no damage.
The gnoll sergeant shouts!
The gnoll sergeant hits you from afar with a +0 halberd!
* * * LOW HITPOINT WARNING * * *
The gnoll sergeant is engulfed in a cloud of scalding steam.
The gnoll sergeant drinks a potion.
The gnoll sergeant seems to speed up.
The gnoll sergeant hits you but does no damage.
The gnoll sergeant hits you with a +0 halberd!
You die...

≈≈≈♣♣ ..≈≈♣♣ #..≈.♣
#..≈.♣♣ #..≈..♣ ####
#..≈..♣ ##)..# #..≈..♣♣
#....)######).≈...♣♣
...$...#..)'†.g@...♣♣♣#
...8..†').['.....)))÷∩#
......)#[).'[......♣♣♣#
#.....######..≈...♣♣
##...# #..≈...♣ ####
#..≈...♣ #..≈..♣♣
#..≈.♣♣ #..≈.♣


You could see a gnoll sergeant (fast).

Vanquished Creatures
  Grinder (D:6)
  The ghost of night the Stinger, an amateur FeVM of Gozag (D:6)
  2 ice beasts
  A sky beast (D:5)
  A black bear (D:5)
  4 necrophages
  An ogre (D:4)
  2 kobold brigands
  4 gnoll sergeants (Bailey)
  2 bullfrogs
  A scorpion (D:5)
  A water moccasin zombie (D:4)
  A water moccasin skeleton (D:7)
  A centaur zombie (D:3)
  3 bullfrog skeletons
  A jelly (D:6)
  2 hounds (Bailey)
  2 orc wizards (D:3)
  10 adders
  15 gnolls
  2 ufetubi
  A dart slug (D:1)
  8 orcs
  3 ball pythons
  6 endoplasms
  7 goblins
  2 hobgoblins
  2 jackals (D:1)
  12 kobolds
  4 quokkas
  3 bats
  5 frilled lizards
  6 rats
117 creatures vanquished.

Vanquished Creatures (others)
  2 plants (D:4)
2 creatures vanquished.

Grand Total: 119 creatures vanquished

Notes
Turn   | Place    | Note
-------+----------+-------------------------------------------
     0 | D:1      | st0uf the Draconian Transmuter began the quest for the Orb.
     0 | D:1      | Reached XP level 1. HP: 16/16 MP: 3/3
   238 | D:1      | Found a faded altar of an unknown god.
   252 | D:1      | Became a worshipper of Elyvilon the Healer
   252 | D:1      | Reached * piety under Elyvilon
   332 | D:1      | Reached XP level 2. HP: 19/23 MP: 5/5
  1200 | D:2      | Reached XP level 3. HP: 14/28 MP: 6/6
  1529 | D:2      | Reached ** piety under Elyvilon
  1641 | D:2      | Reached skill level 1 in Stealth
  1650 | D:2      | Reached skill level 3 in Transmutations
  1652 | D:2      | Reached XP level 4. HP: 22/36 MP: 5/7
  2667 | D:3      | Noticed a kobold brigand
  2793 | D:3      | Killed a kobold brigand
  2794 | D:3      | Reached XP level 5. HP: 5/42 MP: 8/8
  3802 | D:4      | Reached XP level 6. HP: 48/50 MP: 8/10
  4029 | D:4      | Reached *** piety under Elyvilon
  4039 | D:4      | Found Zin's Purification Station.
  4048 | D:4      | Found a glowing silver altar of Zin.
  4060 | D:4      | Reached skill level 4 in Transmutations
  4391 | D:4      | Your scales start taking on a pale cyan-grey colour.
  4391 | D:4      | Reached XP level 7. HP: 40/57 MP: 11/11
  4391 | D:4      | Gained mutation: You are immune to the effects of steam.
                  | [Pale Draconian growth]
  4502 | D:4      | Found a staircase to the Ecumenical Temple.
  4981 | D:5      | Entered Level 5 of the Dungeon
  5038 | D:5      | Learned a level 2 spell: Wereblood
  5042 | D:5      | Learned a level 3 spell: Spider Form
  5298 | D:5      | Reached skill level 5 in Transmutations
  5369 | D:5      | Reached skill level 1 in Poison Magic
  5710 | D:5      | Reached XP level 8. HP: 66/66 MP: 11/13
  5752 | D:5      | Found a radiant altar of Vehumet.
  5795 | D:5      | Reached **** piety under Elyvilon
  6020 | D:6      | Found a runed translucent door.
  6023 | D:6      | Noticed night's ghost (amateur FeVM)
  6028 | D:6      | Killed night's ghost
  6031 | D:6      | Identified the +0 mace "Goblinbane" {vorpal, rCorr Int+2}
  6101 | D:6      | Noticed Grinder
  6106 | D:6      | Killed Grinder
  6110 | D:6      | Learned a level 2 spell: Passwall
  6253 | D:6      | Reached ***** piety under Elyvilon
  6292 | D:6      | Reached skill level 6 in Transmutations
  6332 | D:6      | Found a sparkling altar of Nemelex Xobeh.
  6413 | D:6      | Reached skill level 5 in Unarmed Combat
  6666 | D:7      | Reached XP level 9. HP: 73/73 MP: 15/15
  6689 | D:7      | Found a flagged portal.
  6697 | Bailey   | Entered a bailey
  6837 | Bailey   | Reached skill level 5 in Fighting
  6937 | Bailey   | HP: 3/74 [gnoll sergeant/+0 halberd (8)]
  6999 | Bailey   | Mangled by a gnoll sergeant

Illustrated notes

Levels and vault maps discovered:
D:1:      dpeg_arrival_arbitrary_c, layout_basic, basic_ecumenical_altar,
          roderic_three_in_a_row
D:2:      layout_basic, grunt_decor_resistance, moated_statue
D:3:      layout_basic
D:4:      layout_cave_pools, zin_purify, minmay_temple_entry_nine_rooms,
          serial_bayou_lagoon_b
D:5:      layout_gridville, kennysheep_mini_moat,
          chequers_serial_rivers_micro_e, grunt_decor_mini_mirrors
D:6:      layout_basic, lemuel_tele_altar, serial_rivers,
          chequers_serial_rivers_small_3, chequers_serial_rivers_small_b,
          chequers_serial_rivers_room_b, chequers_serial_rivers_micro_b,
          chequers_serial_rivers_small_a, ebering_ghost_reflecting_pool,
          uniq_grinder
D:7:      layout_cave_pods, enter_bailey_3
Bailey:   bailey_polearm_gnolls_kennysheep, bailey

Skill      XL: |  1  2  3  4  5  6  7  8  9 |
---------------+----------------------------+-----
Dodging        | 2 3 4 |  4.4
Stealth        | 1 2 3 4 |  4.3
Transmutations | 3 4 5 6 |  6.8
Fighting       | 2 3 4 5 |  5.1
Spellcasting   | 3 4 |  4.5
Unarmed Combat | 4 5 |  5.4
Poison Magic   | 1 2 |  2.0

Action                   |  1- 3 |  4- 6 |  7- 9 || total
-------------------------+-------+-------+-------++-------
Melee: Unarmed           |   107 |   157 |    81 ||   345
       Punch             |     3 |     1 |     1 ||     5
       Kick              |    11 |    25 |    18 ||    54
       Tailslap          |     5 |    13 |     9 ||    27
       Headbutt          |     2 |    11 |    10 ||    23
Throw: Dart              |       |     3 |       ||     3
 Cast: Beastly Appendage |    13 |    28 |    19 ||    60
Invok: Lesser Healing    |     1 |       |       ||     1
 Abil: Breathe Steam     |       |       |    35 ||    35
 Stab: Sleeping          |       |       |     2 ||     2
Armor: Skin              |    27 |    43 |    33 ||   103
Dodge: Dodged            |    62 |    90 |    49 ||   201

Table legend: (Time is in decaauts)
 A = Elapsed time spent in this place.
 B = Non-inter-level travel time spent in this place.
 C = Inter-level travel time spent in this place.
 D = Time resting spent in this place.
 E = Time spent auto-exploring this place.
 F = Levels seen in this place.
 G = Mean time per level.
                   A        B        C        D        E       F      G
               +--------+--------+--------+--------+--------+-----+--------+
         Total |   7017 |   6690 |    327 |    739 |   4585 |   8 |  877.1 |
       Dungeon |   6718 |   6391 |    327 |    605 |   4585 |   7 |  959.7 |
        Bailey |    299 |    299 |      0 |    134 |      0 |   1 |  299.0 |
               +--------+--------+--------+--------+--------+-----+--------+

Top non-repeatable levels by time:
     D:2: 1723 daAuts
     D:3: 1636 daAuts
     D:5: 976 daAuts
     D:4: 858 daAuts
     D:1: 775 daAuts
     D:6: 592 daAuts
  Bailey: 299 daAuts
     D:7: 154 daAuts
